Map: 킹스 코브 - 래더

Players

Ragnarok (SHIN) - Winner!

  • Race: Zerg Zerg
  • Spawn Location: 11:00

INnoVation

  • Race: Terran Terran
  • Spawn Location: 5:00

Event: IEM Season 13: Katowice (2019)

VOD

Have the link to the VOD?

Description

Time

  • Played on: March 1, 2019, 8:08 a.m.
  • Length: 13:22

All games in this series

Show
View Real Time Build Order
Export as new Build Order

Ragnarok Zerg - Winner!

Build Orders: Hatch First 

Get SALT Encoding   

  12  0:00  Drone  
  13  0:08  Drone  
  14  0:17  Overlord  
  14  0:22  Extractor  
  14  0:24  Drone  
  15  0:36  Drone x2  
  17  0:54  Hatchery  
  17  0:56  Drone  
  17  1:00  Drone  
  18  1:10  Extractor  
  17  1:15  Spawning Pool  
  17  1:18  Drone  
  17  1:21  Drone  
  18  1:28  Drone  
  20  1:40  Drone  
  20  1:49  Drone  
  21  2:03  Zergling x2  
  21  2:05  Queen x2  
  21  2:06  Zergling x2  
  27  2:19  Hatchery  
  26  2:23  Overlord  
  26  2:29  Drone x2  
  28  2:34  Metabolic Boost  
  30  2:46  Queen  
  30  2:48  Drone  
  30  2:50  Overlord  
  31  2:54  Drone  
  31  2:56  Drone  
  33  3:02  Drone x2  
  33  3:03  Drone  
  36  3:11  Overlord  
  36  3:12  Drone  
  37  3:21  Drone x2  
  37  3:22  Queen  
  37  3:23  Drone  
  42  3:29  Spore Crawler  
  42  3:33  Queen  
  44  3:39  Drone  
  45  3:41  Overlord  
  45  3:42  Drone x2  
  47  3:51  Drone  
  47  3:52  Zergling x4, Drone  
  47  3:53  Zergling x6  
  54  3:57  Overlord  
  54  4:01  Queen  
  56  4:03  Drone  
  56  4:05  Drone  
  56  4:09  Drone  
  59  4:10  Spore Crawler  
  59  4:12  Spore Crawler  
  59  4:14  Drone  
  58  4:18  Drone x2  
  58  4:19  Spore Crawler  
  58  4:20  Drone  
  60  4:25  Lair  
  60  4:28  Drone x2  
  62  4:34  Queen  
  62  4:37  Drone x2  
  66  4:41  Overlord  
  66  4:44  Overlord  
  66  4:46  Overlord  
  66  4:48  Extractor  
  66  4:49  Extractor, Drone  
  65  4:53  Overlord  
  65  4:54  Drone  
  65  4:59  Drone x3  
  69  5:00  Zergling x6  
  69  5:03  Drone  
  69  5:04  Drone  
  69  5:06  Drone  
  69  5:07  Drone  
  75  5:08  Drone  
  75  5:10  Drone  
  77  5:16  Drone x2  
  77  5:17  Drone x2  
  77  5:21  Drone x2  
  83  5:24  Evolution Chamber, Drone  
  83  5:25  Overseer, Evolution Chamber  
  82  5:29  Drone  
  82  5:30  Drone  
  82  5:32  Baneling Nest  
  82  5:33  Drone  
  84  5:38  Drone x3  
  84  5:40  Extractor x2, Drone x2  
  87  5:49  Hatchery  
  86  5:51  Zerg Melee Weapons Level 1  
  86  5:53  Zerg Ground Armor Level 1  
  86  5:56  Drone x2  
  88  6:01  Zergling x2  
  88  6:02  Zergling x8  
  93  6:08  Drone x2  
  93  6:10  Drone  
  96  6:13  Overlord, Hydralisk Den  
  96  6:16  Centrifical Hooks  
  95  6:19  Overlord x2  
  95  6:26  Baneling x10  
  95  6:27  Zergling x4  
  95  6:28  Zergling x2  
  95  6:31  Overlord x2  
  98  6:35  Zergling x8  
  101  6:42  Grooved Spines  
  101  6:43  Hydralisk x2  
  105  6:49  Hydralisk x2  
  105  6:52  Hydralisk, Zergling x4  
  105  6:53  Zergling x6  
  116  6:59  Drone x5  
  121  7:10  Hydralisk x2  
  121  7:11  Zergling x10  
  121  7:14  Drone x2  
  132  7:17  Drone  
  132  7:20  Hydralisk  
  135  7:25  Drone x3  
  135  7:26  Drone x2  
  132  7:37  Hydralisk  
  132  7:38  Zergling x12  
  132  7:39  Drone x3  
  132  7:41  Overlord x2  
  132  7:43  Extractor  
  142  7:45  Zerg Melee Weapons Level 2  
  142  7:49  Drone  
  143  7:51  Infestation Pit  
  143  7:52  Zergling x6  
  143  7:53  Muscular Augments  
  144  7:58  Hydralisk  
  144  7:59  Zergling x6  
  144  8:03  Zergling x2  
  147  8:05  Hydralisk  
  147  8:06  Zergling x6  
  147  8:08  Baneling x10  
  147  8:10  Drone x3  
  147  8:11  Drone x2  
  157  8:13  Overlord x2  
  157  8:14  Overlord x2  
  157  8:15  Zergling x4  
  159  8:24  Overlord x2  
  158  8:30  Hive  
  158  8:32  Hydralisk  
  158  8:33  Zergling x8  
  158  8:34  Spire  
  161  8:36  Hatchery  
  161  8:40  Hydralisk  
  161  8:41  Zergling x10  
  145  8:49  Drone x6  
  145  8:52  Zergling x10  
  154  8:56  Drone  
  154  8:57  Extractor  
  154  8:58  Extractor, Baneling x8  
  154  8:59  Baneling x3  
  154  9:01  Zergling x4  
  155  9:08  Hydralisk x2  
  159  9:12  Hydralisk, Drone x2  
  159  9:13  Zergling x4  
  165  9:18  Hydralisk, Zergling x2  
  168  9:26  Hydralisk, Zergling x2  
  168  9:27  Zergling x10  
  168  9:29  Baneling x9  
  175  9:40  Zergling x8  
  177  9:50  Greater Spire  
  167  9:57  Drone x3  
  167  9:58  Drone x6  
  167  9:59  Corruptor  
  167  10:00  Corruptor x6  
  167  10:04  Zergling x8  
  167  10:05  Baneling  
  167  10:06  Baneling x2  
  185  10:12  Zergling x8  
  174  10:14  Extractor  
  174  10:18  Extractor  
  172  10:25  Drone  
  173  10:39  Zerg Ground Armor Level 2  
  173  10:40  Zerg Melee Weapons Level 3  
  173  10:46  Zergling x8  
  173  10:48  Zergling x2  
  173  10:49  Zergling x12  
  182  10:50  Queen  
  182  10:51  Spore Crawler  
  182  10:54  Drone x2  
  176  11:02  Brood Lord x4  
  176  11:03  Brood Lord x2  
  188  11:05  Brood Lord  
  189  11:11  Adrenal Glands  
  189  11:12  Drone  
  189  11:21  Zergling x22  
  198  11:32  Drone x4  
  187  11:33  Drone  
  187  11:34  Hydralisk, Zergling x2  
  187  11:35  Zergling x20  
  187  11:39  Hydralisk  
  184  11:40  Zergling x2  
  184  11:44  Hydralisk  
  184  11:45  Zergling x6  
  185  11:50  Zergling x10  
  185  11:51  Zergling x2  
  183  11:57  Hydralisk, Zergling x4  
  183  11:58  Zergling x2  
  188  12:04  Zergling x10  
  188  12:05  Zergling x2  
  188  12:06  Baneling x2  
  188  12:07  Baneling x2  
  188  12:08  Baneling x3  
  194  12:10  Baneling x4  
  194  12:11  Baneling  
  194  12:13  Zergling x6  
  197  12:19  Baneling x14  
  197  12:20  Zergling x2  
  186  12:30  Zergling x22  
  186  12:33  Zergling x4  
  186  12:36  Zergling x6  
  186  12:39  Hydralisk  
  186  12:40  Hydralisk  
  186  12:41  Zergling x2  
  186  12:43  Zergling x2  
  176  12:45  Zergling x2  
  176  12:46  Zergling x2  
  176  12:47  Zergling x2  
  176  12:48  Zergling x2  
  176  12:50  Zergling x4  
  177  12:52  Zergling x4  
  177  12:57  Baneling x2  
  177  12:58  Baneling x2  
  173  13:11  Hatchery  
Show
View Real Time Build Order
Export as new Build Order

INnoVation Terran 

Build Orders: Gas First Reaper Expand, Hellion Banshee 

Get SALT Encoding   

  12  0:00  SCV  
  13  0:12  SCV  
  14  0:17  Supply Depot  
  14  0:24  SCV  
  15  0:28  Refinery  
  15  0:39  SCV  
  16  0:45  Barracks  
  16  0:51  SCV  
  17  1:03  SCV  
  18  1:15  SCV  
  19  1:31  Orbital Command  
  19  1:32  Reaper  
  20  1:43  Command Center  
  20  1:54  Factory  
  20  1:58  SCV  
  21  2:05  Barracks Reactor  
  21  2:10  SCV  
  21  2:13  Supply Depot  
  21  2:15  Refinery  
  22  2:22  SCV  
  23  2:35  SCV  
  24  2:42  Starport  
  24  2:44  Hellion  
  24  2:45  Hellion  
  24  2:47  SCV  
  30  2:52  Barracks Tech Lab  
  30  2:55  Orbital Command  
  29  2:59  SCV  
  30  3:06  Hellion  
  30  3:08  Hellion  
  30  3:11  SCV  
  35  3:20  Marine  
  35  3:22  SCV  
  35  3:23  Cloaking Field  
  35  3:24  SCV  
  38  3:34  Banshee  
  38  3:35  Supply Depot  
  38  3:41  Hellion  
  43  3:42  Hellion  
  43  3:45  Barracks Tech Lab  
  45  3:48  SCV  
  46  3:56  SCV  
  46  3:58  Supply Depot  
  46  4:02  SCV  
  48  4:03  Marine  
  48  4:04  Stimpack  
  48  4:09  SCV  
  50  4:16  Banshee  
  51  4:17  SCV  
  51  4:21  SCV, Marine  
  56  4:26  Command Center  
  56  4:31  Factory Reactor  
  56  4:34  SCV x2  
  56  4:36  Supply Depot  
  58  4:46  SCV x2  
  58  4:47  Barracks  
  58  4:49  Barracks  
  58  4:50  Marine  
  61  4:59  SCV x2  
  63  5:07  Engineering Bay x2, Supply Depot  
  63  5:08  Marine  
  63  5:11  SCV x2  
  66  5:19  Factory Reactor  
  66  5:21  Refinery  
  66  5:22  Refinery  
  66  5:23  SCV  
  66  5:24  SCV  
  66  5:26  Marine  
  67  5:31  Supply Depot  
  67  5:36  Terran Infantry Armor Level 1, Terran Infantry Weapons Level 1  
  67  5:37  SCV x2  
  67  5:39  Orbital Command  
  69  5:42  Marine  
  69  5:43  Marine  
  69  5:49  SCV x2  
  73  5:55  Barracks  
  73  5:56  Barracks  
  73  5:59  Medivac, Marine x2  
  73  6:02  Medivac  
  79  6:04  Orbital Command, Factory Reactor  
  79  6:06  SCV x2  
  79  6:08  Combat Shield  
  79  6:10  Marine  
  82  6:12  Marine  
  82  6:13  Marine  
  84  6:18  SCV x2  
  84  6:22  Supply Depot  
  86  6:26  Marine x2  
  86  6:28  Supply Depot, Marine  
  86  6:29  Marine  
  86  6:31  SCV x3, Marine  
  94  6:36  Refinery  
  94  6:41  Widow Mine x2  
  94  6:44  Barracks Reactor  
  94  6:45  Barracks Reactor  
  94  6:46  Supply Depot  
  98  6:48  Armory  
  98  6:51  Factory  
  98  6:52  SCV x2  
  98  6:53  SCV  
  101  6:56  Marine  
  101  6:57  Marine x3  
  101  6:58  Marine  
  106  7:03  Medivac x2  
  106  7:06  SCV  
  106  7:07  SCV x2  
  113  7:09  Widow Mine  
  113  7:11  Supply Depot  
  115  7:17  Widow Mine  
  115  7:19  SCV x3  
  120  7:24  Marine  
  120  7:25  Marine x3  
  120  7:26  Marine  
  125  7:33  Marine x2  
  125  7:34  Supply Depot  
  127  7:39  Terran Infantry Weapons Level 2, Terran Infantry Armor Level 2, Supply Depot  
  127  7:40  Drilling Claws  
  131  7:44  Widow Mine x2  
  131  7:47  Widow Mine  
  133  7:56  SCV x3, Medivac  
  133  7:57  Medivac, Marine  
  133  7:58  Supply Depot  
  141  8:01  Marine x3  
  141  8:04  Supply Depot  
  140  8:09  Command Center  
  140  8:16  Widow Mine x3  
  146  8:23  Barracks  
  146  8:24  Barracks  
  146  8:26  Barracks  
  146  8:28  Supply Depot  
  146  8:32  Medivac x2  
  150  8:37  Marauder, Marine x2  
  150  8:38  Marine x5  
  144  8:46  Widow Mine x3  
  150  8:54  SCV x3  
  150  8:55  Terran Vehicle And Ship Armor Level 1  
  146  9:03  Marauder  
  146  9:06  Marine  
  146  9:07  Widow Mine x2, Marine x5  
  146  9:08  Widow Mine, SCV x3  
  162  9:12  Barracks Tech Lab  
  162  9:13  Barracks Tech Lab  
  162  9:15  Barracks Tech Lab  
  162  9:21  Planetary Fortress  
  162  9:22  SCV x3  
  165  9:24  Medivac  
  165  9:25  Medivac  
  165  9:29  Widow Mine x2  
  165  9:30  Widow Mine  
  175  9:37  Refinery, SCV x2  
  175  9:38  SCV  
  178  9:40  Supply Depot  
  178  9:41  Supply Depot  
  178  9:42  Marauder x2  
  178  9:44  Concussive Shells, Marine  
  178  9:45  Marine  
  184  9:50  Widow Mine  
  184  9:52  Marine x2  
  188  9:55  Marine  
  171  10:01  Widow Mine x2, Medivac x2  
  179  10:07  Refinery  
  179  10:11  Widow Mine  
  179  10:19  Marauder x2, Marine x3  
  179  10:20  Marauder, Refinery  
  184  10:25  Command Center  
  184  10:27  Starport  
  183  10:29  Starport, Fusion Core  
  183  10:37  Marauder, Marine x2  
  183  10:38  Marine  
  183  10:41  Marauder x2  
  183  10:42  Widow Mine x3  
  197  10:53  Medivac x2  
  192  11:06  Marauder x2  
  192  11:07  Marauder, Starport Reactor, Starport Tech Lab  
  192  11:09  Ghost Academy  
  192  11:10  Marine  
  192  11:11  Marine  
  200  11:16  Ghost Academy  
  200  11:24  Liberator x3  
  200  11:32  Marauder x2  
  199  11:35  Marine x2  
  199  11:38  Liberator  
  160  11:41  Advanced Ballistics  
  160  11:45  Marauder x2  
  160  11:46  Marine x6  
  172  11:53  Marine x3  
  162  11:55  Marine  
  162  12:01  SCV x3  
  167  12:04  Marine x2  
  170  12:13  SCV x2  
  170  12:14  Viking  
  162  12:24  Viking x3  
  133  12:38  Viking  
  133  12:41  Marine x10  
  133  12:43  Marine x2  
  117  12:44  Viking  
  114  12:53  Widow Mine  
  114  12:56  Widow Mine  

Tags
 
Add a new tag
Caveats
  • Supply blocks, unpowered buildings, or Contaminate may cause inaccurate times.
  • Supply counts are checked every 10 seconds.